 Dungeon Crawl Stone Soup version 0.30-a0-385-gfebfb9b408 (webtiles) character file.

Game seed: 17541883075088879509

111 flotson the Sneak (level 4, -1/36 HPs)
             Began as a Demonspawn Delver on Dec 3, 2022.
             Slain by a black bear (6 damage)
             ... on level 3 of the Dungeon.
             The game lasted 00:02:44 (1974 turns).

flotson the Sneak (Demonspawn Delver)               Turns: 1974, Time: 00:02:45

Health: -1/36      AC:  6    Str: 14    XL:     4   Next: 62%
Magic:  4/4        EV: 11    Int: 12    God:
Gold:   153        SH:  0    Dex: 14    Spells: 3/3 levels left

rFire   . . .      SeeInvis .    a - +0 spear
rCold   . . .      Faith    .    (no shield)
rNeg    . . .      Spirit   .    h - +0 ring mail
rPois   .          Reflect  .    (no helmet)
rElec   .          Harm     .    p - +0 cloak {rCorr}
rCorr   +          Rampage  .    (no gloves)
Will    .....                    (no boots)
Stlth   ++........               (no amulet)
HPRegen 0.26/turn                (no ring)
MPRegen 0.18/turn                (no ring)

@: no status effects
A: magic regeneration, weakness stinger 1
a: no special abilities


You were on level 3 of the Dungeon.
You visited 1 branch of the dungeon, and saw 5 of its levels.

You collected 153 gold pieces.

Inventory:

Hand Weapons
 a - a +0 spear (weapon)
Missiles
 r - 3 datura-tipped darts (quivered)
 s - a throwing net
Armour
 h - a +0 ring mail (worn)
 p - a +0 cloak of preservation (worn)
Jewellery
 q - a ring of fire
Wands
 g - a wand of digging (3)
Scrolls
 c - a scroll of fog
 d - a scroll of magic mapping
 e - a scroll of fear
 l - 5 scrolls of teleportation {unknown}
 m - a scroll of identify {unknown}
 n - a scroll of immolation {unknown}
 t - a scroll of amnesia {unknown}
 u - a scroll of torment {unknown}
Potions
 b - a potion of brilliance {unknown}
 f - a potion of haste
 i - a potion of flight {unknown}
 j - a potion of mutation {unknown}
 k - 4 potions of curing {unknown}
 o - a potion of cancellation {unknown}
 v - 2 potions of heal wounds {unknown}
 w - a potion of berserk rage {unknown}


   Skills:
 + Level 3.6 Fighting
 - Level 1.7 Polearms
 + Level 0.4 Throwing
 + Level 1.7 Armour
 + Level 2.6 Dodging
 - Level 4.5 Stealth
 + Level 1.9 Evocations


You had 3 spell levels left.
You didn't know any spells.
Your spell library contained the following spells:

 Spells                   Type           Power      Damage    Failure   Level
 Freeze                   Ice            0%         1d3       54%         1
 Blink                    Tloc           0%         N/A       69%         2
 Momentum Strike          Conj/Tloc      0%         3d8       69%         2
 Frozen Ramparts          Ice            0%         1d1       89%         3
 Hailstorm                Conj/Ice       0%         3d3       89%         3
 Kindle Blastsparks       Fire/Tloc/Air  0%         2d10      89%         3
 Lesser Beckoning         Tloc           0%         N/A       89%         3
 Fulminant Prism          Conj/Hex       0%         3d5       100%        4
 Iskenderun's Mystic Bla  Conj/Tloc      0%         2d3       100%        4
 Lee's Rapid Deconstruct  Erth           0%         3d4*      100%        5


Dungeon Overview and Level Annotations

Branches:
Dungeon (5/15)
 Temple: D:4-7

Altars:

Shops:
D:4 (

Annotations:
D:4 Eustachio


Innate Abilities, Weirdness & Mutations

You regenerate magic rapidly.
You have a small tail.


Message History

The black bear bites you.
The black bear claws you but does no damage.
The black bear claws you.
You hit the black bear but do no damage.
The black bear is moderately wounded.
The black bear bites you.
The black bear claws you but does no damage.
The black bear claws you.
You hit the black bear but do no damage.
Your tail-slap misses the black bear.
The black bear is moderately wounded.
The black bear bites you. The black bear claws you.
The black bear barely misses you.
You hit the black bear.
The black bear is heavily wounded.
The black bear bites you but does no damage.
The black bear claws you but does no damage.
The black bear closely misses you.
You closely miss the black bear.
The black bear is heavily wounded.
The black bear barely misses you. The black bear claws you.
The black bear claws you but does no damage.
You are too injured to fight recklessly!
You are too injured to fight recklessly!
You are too injured to fight recklessly!
You are too injured to fight recklessly!
You hit the black bear.
The black bear is severely wounded.
The black bear bites you. The black bear claws you.
The black bear barely misses you.
You hit the black bear.
You tail-slap the black bear, but do no damage.
The black bear is severely wounded.
The black bear goes berserk!
You barely miss the black bear.
The black bear is severely wounded.
The black bear bites you!
* * * LOW HITPOINT WARNING * * *
The black bear claws you.
You die...

#.....###.........
#.....###.........
####......[........#.
........)............
####.........:....##
#................
###................
#..................
#.@................
#.h.........#######
#............ .....
#....######.. .....
#....# ..... #.....
..... #####.. .....
... ..... .....


You could see a black bear (berserk).

Vanquished Creatures
  5 adders
  An ufetubus (D:4)
  A worm (D:2)
  4 ball pythons
  A giant cockroach (D:3)
  7 goblins
  8 hobgoblins
  2 jackals (D:1)
  8 kobolds
  5 quokkas
  5 bats
  4 frilled lizards
  7 rats
58 creatures vanquished.

Notes
Turn   | Place    | Note
-------+----------+-------------------------------------------
     0 | D:5      | flotson the Demonspawn Delver began the quest for the Orb.
     0 | D:5      | Reached XP level 1. HP: 18/18 MP: 1/1
    50 | D:4      | Found Viogg's Weapon Shoppe.
    51 | D:4      | Noticed Eustachio
    79 | D:4      | Gained mutation: You have a small tail. [demonic ancestry]
    79 | D:4      | Reached XP level 2. HP: 9/24 MP: 2/2
   236 | D:4      | Noticed a phantom
   245 | D:3      | Reached skill level 1 in Armour
   245 | D:3      | Reached skill level 1 in Evocations
   315 | D:3      | Reached XP level 3. HP: 26/29 MP: 3/3
   451 | D:1      | Found a faded altar of an unknown god.
   687 | D:1      | Gained mutation: You regenerate magic rapidly. [demonic
                  | ancestry]
   687 | D:1      | Reached XP level 4. HP: 35/35 MP: 4/4
  1958 | D:3      | Noticed a black bear
  1974 | D:3      | Slain by a black bear

Illustrated notes

Levels and vault maps discovered:
D:1:      mrwooster_arrival_statue_3, layout_basic,
          ebering_ecumenical_altar_abandoned, serial_park_tiny_2
D:2:      wad_pebble_path, layout_rooms, corexii_hall_statues_l
D:3:      layout_basic
D:4:      layout_cave_pools, lemuel_doored_altar, nicolae_stop_n_shop_2,
          uniq_eustachio
D:5:      layout_rooms, minmay_temple_entry_proselytizer

Skill      XL: |  1  2 |
---------------+-------+-----
Dodging        | 2 |  2.6
Armour         | 1 |  1.7
Evocations     | 1 |  1.9
Fighting       | |  3.6
Polearms       | |  1.7
Throwing       | |  0.4
Stealth        | |  4.5

Action                   |  1- 3 |  4- 6 || total
-------------------------+-------+-------++-------
Melee: Spear             |   121 |   104 ||   225
       Tailslap          |     6 |    13 ||    19
 Stab: Sleeping          |     2 |    10 ||    12
Armor: Ring mail         |    42 |    30 ||    72
       Leather armour    |     2 |       ||     2
Dodge: Dodged            |    76 |    36 ||   112

Table legend: (Time is in decaauts)
 A = Elapsed time spent in this place.
 B = Non-inter-level travel time spent in this place.
 C = Inter-level travel time spent in this place.
 D = Time resting spent in this place.
 E = Time spent auto-exploring this place.
 F = Levels seen in this place.
 G = Mean time per level.
                   A        B        C        D        E       F      G
               +--------+--------+--------+--------+--------+-----+--------+
         Total |   1976 |   1918 |     58 |      0 |   1408 |   5 |  395.2 |
       Dungeon |   1976 |   1918 |     58 |      0 |   1408 |   5 |  395.2 |
               +--------+--------+--------+--------+--------+-----+--------+

Top non-repeatable levels by time:
     D:1: 744 daAuts
     D:2: 510 daAuts
     D:3: 484 daAuts
     D:4: 212 daAuts
     D:5: 25 daAuts
